Map: Ever Dream LE

Players

Erik

  • Race: Zerg Zerg
  • Spawn Location: 7:00

Cham - Winner!

  • Race: Zerg Zerg
  • League: Grandmaster
  • Spawn Location: 1:00

Event: DreamHack SC2 Masters 2020 Fall

VOD

Have the link to the VOD?

Description

Time

  • Played on: Aug. 28, 2020, 3:01 p.m.
  • Length: 9:14

All games in this series

Show
View Real Time Build Order
Export as new Build Order

Erik Zerg 

Build Orders: Hatch First 

Get SALT Encoding   

  12  0:00  Drone  
  13  0:08  Drone  
  14  0:14  Drone, Extractor  
  15  0:36  Hatchery  
  15  0:41  Extractor  
  15  0:42  Drone  
  14  0:48  Overlord  
  15  1:03  Spawning Pool  
  14  1:07  Drone  
  14  1:09  Drone  
  16  1:12  Extractor  
  16  1:15  Drone  
  16  1:19  Drone  
  17  1:28  Drone  
  18  1:39  Drone  
  19  1:49  Drone, Queen  
  19  1:50  Queen  
  24  1:55  Zergling x2  
  24  1:59  Drone  
  26  2:01  Drone  
  27  2:12  Overlord  
  27  2:13  Drone  
  28  2:17  Metabolic Boost  
  28  2:22  Overlord  
  28  2:31  Drone  
  28  2:32  Drone  
  30  2:37  Drone  
  31  2:46  Drone, Zergling x2  
  33  3:00  Zergling x16  
  41  3:08  Zergling x2  
  41  3:10  Zergling x2  
  41  3:11  Hatchery  
  42  3:20  Overlord  
  42  3:21  Drone  
  42  3:28  Roach Warren  
  42  3:34  Overlord  
  41  3:37  Drone x3  
  41  3:39  Drone  
  46  3:41  Drone x2  
  43  4:05  Overlord  
  43  4:16  Roach x8  
  58  4:24  Extractor  
  58  4:25  Roach  
  58  4:26  Roach x2  
  58  4:30  Roach  
  64  4:41  Drone x6  
  70  4:47  Evolution Chamber  
  70  4:49  Drone  
  70  4:51  Queen  
  70  4:52  Extractor  
  71  4:57  Roach  
  71  4:58  Overlord x2  
  73  5:03  Overlord  
  72  5:14  Overlord  
  72  5:19  Zergling x14  
  78  5:23  Drone x3  
  81  5:30  Drone x3  
  81  5:35  Zerg Missile Weapons Level 1  
  84  5:44  Drone x3  
  87  5:55  Drone x5  
  92  5:57  Lair  
  91  6:06  Drone x3  
  91  6:08  Roach x5  
  103  6:13  Roach  
  103  6:17  Spine Crawler  
  103  6:19  Overlord x2  
  103  6:20  Extractor  
  102  6:26  Spine Crawler  
  102  6:28  Spine Crawler  
  102  6:30  Roach  
  102  6:31  Roach  
  104  6:33  Overlord  
  106  6:40  Roach x5  
  106  6:44  Roach x2  
  97  7:02  Roach x9  
  93  7:11  Roach  
  93  7:12  Roach  
  95  7:19  Roach x2  
  70  7:33  Roach x2  
  57  7:39  Roach x2  
  54  7:48  Roach  
Show
View Real Time Build Order
Export as new Build Order

Cham Zerg - Winner!

Build Orders: Hatch First 

Get SALT Encoding   

  12  0:00  Drone  
  13  0:08  Drone  
  14  0:17  Overlord  
  14  0:35  Drone x2  
  16  0:46  Hatchery  
  15  0:50  Drone  
  16  1:05  Spawning Pool  
  16  1:08  Drone  
  16  1:09  Extractor  
  15  1:18  Drone  
  16  1:20  Drone  
  17  1:30  Drone  
  18  1:43  Drone  
  19  1:51  Queen  
  19  1:53  Drone  
  22  1:57  Queen  
  22  1:58  Zergling x4  
  26  2:02  Overlord  
  26  2:11  Metabolic Boost  
  26  2:13  Drone  
  27  2:15  Drone  
  27  2:21  Drone  
  29  2:23  Drone  
  30  2:38  Hatchery  
  29  2:47  Drone  
  29  2:48  Zergling x2  
  29  2:49  Baneling Nest  
  31  2:51  Zergling x2  
  31  2:53  Zergling x2  
  31  2:57  Zergling x2  
  33  3:01  Zergling x4  
  35  3:06  Overlord  
  35  3:09  Zergling x2  
  36  3:24  Zergling x12  
  42  3:31  Overlord  
  42  3:33  Baneling x2  
  42  3:34  Baneling  
  42  3:41  Zergling x4  
  42  3:47  Overlord  
  43  3:54  Zergling x4  
  44  3:59  Drone x3  
  46  4:03  Zergling x4  
  46  4:06  Drone  
  49  4:12  Overlord  
  49  4:15  Drone  
  49  4:18  Drone  
  49  4:22  Drone  
  51  4:26  Drone x4  
  55  4:35  Roach Warren  
  55  4:37  Drone x2  
  56  4:40  Zergling x4  
  56  4:42  Zergling x2  
  56  4:45  Zergling x2  
  59  4:47  Extractor  
  59  4:49  Zergling x4  
  59  4:52  Zergling x2  
  61  4:56  Overlord  
  61  4:58  Zergling x2  
  62  5:03  Zergling x2  
  62  5:04  Drone x4  
  67  5:07  Drone  
  67  5:09  Drone  
  67  5:14  Overlord  
  69  5:20  Roach x3  
  75  5:26  Extractor, Roach  
  76  5:32  Roach  
  76  5:33  Roach x3  
  84  5:36  Roach  
  84  5:39  Overlord  
  86  5:49  Roach  
  87  5:50  Roach  
  87  5:54  Roach, Overlord x2  
  87  5:55  Overlord  
  88  5:59  Roach  
  88  6:01  Roach  
  90  6:06  Roach x2  
  90  6:08  Roach  
  96  6:20  Zergling x4  
  96  6:21  Ravager x4  
  96  6:25  Zergling x6  
  105  6:26  Zergling x2  
  105  6:29  Baneling  
  105  6:30  Baneling x3  
  105  6:31  Zergling x2  
  107  6:33  Zergling x2  
  107  6:34  Zergling x2  
  107  6:36  Baneling x3  
  110  6:40  Zergling x4  
  110  6:42  Baneling x2  
  111  6:47  Baneling  
  104  6:56  Zergling x2  
  104  6:57  Zergling x8  
  94  7:06  Zergling x10  
  90  7:11  Ravager  
  87  7:20  Ravager, Zergling x2  
  87  7:22  Zergling x4  
  91  7:24  Ravager  
  91  7:26  Zergling x2  
  88  7:34  Roach x6  
  89  7:39  Ravager  
  88  7:45  Zergling x10  
  88  7:48  Zergling x2  

Tags
 
Add a new tag
Caveats
  • Supply blocks, unpowered buildings, or Contaminate may cause inaccurate times.
  • Supply counts are checked every 10 seconds.